[Event "*** Qualifier 3: Titled Tuesday 3|2 Blitz"]
[Site "Chess.com"]
[Date "2017.04.18"]
[Round "1"]
[White "Hikaru"]
[Black "mwpchess"]
[Result "0-1"]
[WhiteElo "2901"]
[BlackElo "2398"]
[TimeControl "180+2"]
[EndTime "13:08:37 PDT"]
[Termination "mwpchess won by checkmate"]

1. d4 Nf6 2. Bg5 d5 3. e3 c6 4. Nd2 Nbd7 5. c4 g6 6. cxd5 cxd5 7. Bd3 Bg7 8. Ngf3 O-O 9. O-O b6 10. a4 a5 11. Qe2 Bb7 12. Bb5 Rc8 13. Rfc1 Nb8 14.
Ne5 Qd6 15. Bf4 Qe6 16. h3 Nfd7 17. Ndf3 Nxe5 18. dxe5 Rxc1+ 19. Rxc1 Rc8 20. Qd2 Rxc1+ 21. Qxc1 Qc8 22. Qxc8+ Bxc8 23. e6 Na6 24. Bd7 Bb7 25. exf7+ Kxf7 26. Ng5+ Kg8 27. Be6+ Kf8 28. Nxh7+ Ke8 29.
Ng5 Nc5 30. Bf7+ Kd7 31. Bxg6 Bxb2 32. h4 Nxa4 33. Bf5+ Ke8 34. h5 Nc5 35. h6 a4 36.
h7 a3 37. Bb1 Ba6 38. Nf3 Bd3 39. Bxd3 a2 40. Bb5+ Kd8 41. Ng5 a1=Q+ 42. Kh2 Bh8 43. Bc6 Qf6 44. Bxd5 e5 45. Nf7+ Ke8 46. Nxe5 Qh4+ 47. Kg1 Qxh7 48. Bc6+ Kd8 49. Nc4 Qb1+ 50. Kh2 Qc2 51. Nxb6 Qxf2 52. Nd5 Qh4+ 53. Kg1 Nd3 54. Bc7+ Kc8 55. Bb5 Qf2+ 56. Kh2 Qh4+ 57. Kg1 Qf2+ 58. Kh1 Ne1 59. Nf4 Kxc7 60. Bc4 Kb6 61. Kh2 Be5 62.
Kh3 Bxf4 63. Kg4 Bxe3 64. Bd5 Nxg2 65. Bf3 Nf4 66. Be4 Ne6 67. Bd5 Qf4+ 68. Kh3 Ng5+ 69. Kg2 Qf2+ 70. Kh1 Qg1# 0-1

[Event "*** Qualifier 3: Titled Tuesday 3|2 Blitz"]
[Site "Chess.com"]
[Date "2017.04.18"]
[Round "1"]
[White "amazingoid"]
[Black "JaimeSantosLatasa"]
[Result "1-0"]
[WhiteElo "2392"]
[BlackElo "2552"]
[TimeControl "180+2"]
[EndTime "13:08:37 PDT"]
[Termination "amazingoid won by resignation"]

1. e4 d5 2. exd5 Qxd5 3. Nf3 Bg4 4. Be2 Nf6 5. Nc3 Qa5 6. b4 Qb6 7. O-O e6 8. Rb1 a6 9. a4 Nbd7 10. a5 Qd6 11. b5 Be7 12. Rb3 Nc5 13. Ba3 Qd8 14.
Rb1 O-O 15. h3 Bh5 16. Ne5 Bxe2 17. Qxe2 axb5 18. Rxb5 Ncd7 19. Bxe7 Qxe7 20. Rxb7 Qd6 21. Nc4 Qa6 22. Rfb1 Nc5 23. Rxc7 Rac8 24. Rxc8 Rxc8 25. Rb6 Qa8 26. d3 Nd5 27. Nxd5 exd5 28. Nd6 Rd8 29. a6 Nxa6 30. Qe7 Rf8 31. Rb7 Nc5 32. Ra7 Qd8 33. Qxd8 Rxd8 34. Nxf7 Rb8 35. Ng5 h6 36. Rc7 Na6 37. Ra7 Nc5 38. Nf3 Ne6 39. Re7 Rb6 40. Kh2 Kf8 41. Rd7 Rc6 42. Kg3 Rxc2 43. Rxd5 Ke7 44.
Ne5 Rc3 45. Rd7+ Ke8 46. Ra7 Rc5 47. f4 g5 48. Ra8+ Ke7 49. Ra7+ Ke8 50. Nd7 gxf4+ 51. Kf3 Rg5 52. Nf6+ Kd8 53. Ra6 Ke7 54. Ng4 Rd5 55.
Nxh6 Rxd3+ 56. Kf2 Rd2+ 57. Kf3 Rd3+ 58. Kf2 Rd2+ 59.
Kg1 Rd1+ 60. Kh2 Rd2 61. Nf5+ Kf7 62. Nd6+ Ke7 63. Ne4 Re2 64. Nc3 Kf7 65. Nxe2 1-0

[Event "*** Qualifier 3: Titled Tuesday 3|2 Blitz"]
[Site "Chess.com"]
[Date "2017.04.18"]
[Round "1"]
[White "SabinaFoisor"]
[Black "A-Fier"]
[Result "0-1"]
[WhiteElo "2171"]
[BlackElo "2486"]
[TimeControl "180+2"]
[EndTime "13:08:42 PDT"]
[Termination "A-Fier won on time"]

1. d4 Nf6 2. Bf4 c5 3. e3 Nd5 4. Bg3 Qb6 5. b3 cxd4 6. exd4 e5 7. Bc4 Bb4+ 8. Kf1 Nc3 9. Qf3 d5 10. Nxc3 Qxd4 11. Bxe5 Qxe5 12. Re1 Qxe1+ 13. Kxe1 dxc4 14. Qe4+ Kf8 15. Ne2 Nc6 16. Qxc4 Be6 17. Qb5 Rb8 18. Kd1 a6 19. Qh5 Ba3 20. Nf4 Rd8+ 21. Nd3 g6 22. Qh6+ Ke7 23. Re1 Kd7 24. Ne4 Kc8 25. f3 Bf5 26. Qf4 Rd5 27. g4 Be6 28. h4 Rhd8 29.
Nf2 Bd6 30. Qe3 Bg3 31. Re2 Bxh4 32. Ne4 Nd4 33. Rd2 f5 34. Nc3 R5d6 35. Ne2 Nc6 36. c3 fxg4 37. Kc2 gxf3 38. Qxf3 Bf5 39. Nf4 Bg5 0-1

[Event "*** Qualifier 3: Titled Tuesday 3|2 Blitz"]
[Site "Chess.com"]
[Date "2017.04.18"]
[Round "1"]
[White "Abrito99"]
[Black "OparinGrigoriy"]
[Result "0-1"]
[WhiteElo "2323"]
[BlackElo "2637"]
[TimeControl "180+2"]
[EndTime "13:08:47 PDT"]
[Termination "OparinGrigoriy won by resignation"]

1. e4 e5 2. Nf3 Nc6 3. Bc4 Bc5 4.
c3 Nf6 5. d3 O-O 6. O-O d5 7.
exd5 Nxd5 8. Re1 Bg4 9. h3 Bh5 10. Nbd2 Kh8 11. Ne4 Be7 12. Ng3 Bg6 13. Nxe5 Nxe5 14.
Rxe5 Nb6 15. Qf3 Bd6 16. Re1 Nxc4 17. dxc4 Qh4 18. Be3 Qxc4 19. Nf5 Bxf5 20. Qxf5 Rae8 21. Bd4 f6 22. Qg4 a6 23. h4 c5 24. Rxe8 Rxe8 25. Qd7 Qe6 26. Qxe6 Rxe6 27. Be3 Kg8 28. Rd1 Kf7 29.
Rd5 b6 30. g3 Be7 31. a4 Rd6 32. Rxd6 Bxd6 33. Kf1 b5 34. axb5 axb5 35. b3 c4 36. bxc4 bxc4 37. Bd4 h5 38. Ke2 Ke6 39. Ke3 Kd5 40.
Kf3 Ba3 41. g4 hxg4+ 42. Kxg4 Ke4 43. f3+ Kd3 44. Kf5 Bb2 45. Kg6 Bxc3 46. Bxc3 Kxc3 47.
Kxg7 Kd3 48. h5 c3 49. h6 c2 50. h7 c1=Q 51. h8=Q f5 52. Qd8+ Ke2 53. Qd5 f4 54. Kf6 Qe3 55. Kf5 Kf2 56. Qe5 Kg3 57. Qg7+ Kf2 58.
Qe5 Qxe5+ 59. Kxe5 Kxf3 0-1

[Event "*** Qualifier 3: Titled Tuesday 3|2 Blitz"]
[Site "Chess.com"]
[Date "2017.04.18"]
[Round "1"]
[White "rubhani"]
[Black "DanielNaroditsky"]
[Result "0-1"]
[WhiteElo "2372"]
[BlackElo "2734"]
[TimeControl "180+2"]
[EndTime "13:08:54 PDT"]
[Termination "DanielNaroditsky won on time"]

1. e4 e5 2. Nf3 Nc6 3. Bb5 a6 4. Ba4 Nf6 5. d3 d6 6. c3 g6 7. O-O Bg7 8. Re1 O-O 9. Nbd2 Bd7 10. h3 Qe8 11. Bc2 Nh5 12. Nf1 f5 13. Ne3 f4 14.
Nd5 Qd8 15. b4 Na7 16. c4 c6 17. Nc3 Be6 18. a4 Kh8 19. Bb3 g5 20. c5 Bc8 21.
cxd6 g4 22. Nh2 f3 23. hxg4 Nf4 24. Bxf4 Rxf4 25. g3 Rf8 26. Re3 Qxd6 27. Rxf3 Bd7 28. Rb1 Rxf3 29. Qxf3 Rf8 30. Qe2 Qxb4 31. Be6 Qd6 32.
Bxd7 Qxd7 33. Nd1 b5 34. axb5 Nxb5 35. Rc1 Nd4 36. Qa2 Bh6 37. Rc5 Qe7 38. Ra5 Qb4 39. Kf1 Nc2 40. Qe6 Bg7 41. Rxa6 Qe1+ 0-1

[Event "*** Qualifier 3: Titled Tuesday 3|2 Blitz"]
[Site "Chess.com"]
[Date "2017.04.18"]
[Round "1"]
[White "aa175"]
[Black "likantrophuss"]
[Result "0-1"]
[WhiteElo "1848"]
[BlackElo "2396"]
[TimeControl "180+2"]
[EndTime "13:08:57 PDT"]
[Termination "likantrophuss won by checkmate"]

1. e4 g6 2. d4 Bg7 3. c4 d6 4.
Nc3 Nf6 5. h3 O-O 6. Nf3 Na6 7.
Be2 c5 8. d5 Nc7 9. O-O e6 10.
a3 exd5 11. exd5 a6 12. Bg5 h6 13. Be3 Re8 14. Qc2 Qe7 15. Rfe1 Qf8 16. Bd3 Bd7 17.
Rab1 b5 18. b3 Rab8 19. a4 Nh5 20. g4 Nf6 21. axb5 axb5 22. Nxb5 Nxb5 23. cxb5 Bxb5 24. Bc4 Nd7 25. Qd3 Bxc4 26. bxc4 f5 27. Nh4 Ne5 28. Qc2 Rxb1 29. Rxb1 f4 30. Bd2 Qf6 31. Bc3 Qxh4 32. Bxe5 dxe5 33. Qxg6 Qe7 34. Rb6 Qf7 35. Qe4 f3 36. Rb3 Qf4 37. Qxf4 exf4 38. Rxf3 Re4 39. d6 Kf7 40. Rd3 Bd4 41. Kg2 Ke6 42. Kf3 Re1 43.
Kxf4 Kxd6 44. Kf5 Re5+ 45. Kg6 Re6+ 46. Kh5 Ke7 47. Rf3 Rb6 48. Rf4 Ke6 49. Re4+ Kf7 50. f4 Rb4 51. Kxh6 Rxc4 52. g5 Bg7+ 53. Kh7 Rxe4 54.
g6+ Kf6 55. h4 Re8 56. f5 Rh8# 0-1

[Event "*** Qualifier 3: Titled Tuesday 3|2 Blitz"]
[Site "Chess.com"]
[Date "2017.04.18"]
[Round "1"]
[White "roldieyi"]
[Black "Elshan1985"]
[Result "0-1"]
[WhiteElo "2221"]
[BlackElo "2509"]
[TimeControl "180+2"]
[EndTime "13:09:00 PDT"]
[Termination "Elshan1985 won by checkmate"]

1. d4 Nf6 2. Nf3 e6 3. Bg5 h6 4.
Bh4 d6 5. e3 Nbd7 6. Bd3 Qe7 7.
Nbd2 g5 8. Bg3 Nh5 9. c4 Bg7 10. a3 b6 11. Be4 Rb8 12. Bc6 O-O 13. O-O Ndf6 14. e4 Nxg3 15. hxg3 e5 16. dxe5 dxe5 17. Qa4 a6 18. Rad1 Nd7 19. b4 Rd8 20. Rfe1 Nf8 21. Nf1 Ne6 22. Ne3 Nd4 23. Nd5 Qd6 24. Nxd4 exd4 25. b5 axb5 26. cxb5 Be6 27. Qa7 Be5 28. Rd3 Rbc8 29. Rf1 f5 30. f4 Bg7 31. e5 Qc5 32. Nxc7 Qe7 33. Qxb6 Qxc7 34. Qc5 Bf8 35. Qc1 g4 36. a4 Qa5 37. Qa1 Bc4 38. Rxd4 Bc5 39. Rd1 Rxd4 40. Rxd4 Qd8 41. Kh2 Qxd4 42. Qb1 Be6 43. a5 h5 44. a6 h4 45. b6 hxg3+ 46.
Kxg3 Qe3+ 47. Kh2 Qxf4+ 48. Kh1 Qh6# 0-1

[Event "*** Qualifier 3: Titled Tuesday 3|2 Blitz"]
[Site "Chess.com"]
[Date "2017.04.18"]
[Round "1"]
[White "Alex_Molchanov"]
[Black "aRk_iN"]
[Result "1-0"]
[WhiteElo "2435"]
[BlackElo "2086"]
[TimeControl "180+2"]
[EndTime "13:09:05 PDT"]
[Termination "Alex_Molchanov won by resignation"]

1. d4 Nf6 2. c4 g6 3. Nc3 d5 4. Bg5 c6 5. Bxf6 exf6 6. cxd5 cxd5 7. e3 Bg7 8. Qb3 Be6 9. Qxb7 Nd7 10.
Bb5 O-O 11. Bxd7 Bxd7 12. Qxd5 Rc8 13. Nf3 Qb6 14. Qxd7 Qxb2 15. O-O Rxc3 16. Qxa7 Ra3 17.
Qc5 Rxa2 18. Rab1 Qe2 19. Rb7 f5 20. Qd5 h6 21. h4 Qc2 22. Rd7 Ra6 23. Ne5 Bxe5 24.
Qxe5 Qe4 25. Qxe4 fxe4 26. Re7 f5 27. Rb1 Rf7 28. Rbb7 Rxe7 29. Rxe7 h5 30. Kh2 Kf8 31. Rb7 Ra2 32. Kg3 Rc2 33. f3 exf3 34. gxf3 Rc3 35. Kf4 Ra3 36. d5 Rd3 37. e4 fxe4 38. fxe4 Rh3 39.
Ke5 Rxh4 40. d6 Ke8 41. Kd5 Rh1 42. e5 Rd1+ 43. Ke6 Kf8 44. d7 h4 45. Rb8+ Kg7 46.
d8=Q Rxd8 47. Rxd8 1-0

[Event "*** Qualifier 3: Titled Tuesday 3|2 Blitz"]
[Site "Chess.com"]
[Date "2017.04.18"]
[Round "1"]
[White "Sanan_Sjugirov"]
[Black "Feegus"]
[Result "1-0"]
[WhiteElo "2667"]
[BlackElo "2353"]
[TimeControl "180+2"]
[EndTime "13:09:10 PDT"]
[Termination "Sanan_Sjugirov won by resignation"]

1. d4 Nf6 2. Nf3 g6 3. Bg5 Bg7 4.
Nbd2 d5 5. e3 O-O 6. Bd3 b6 7. Qe2 Bb7 8. c3 c5 9. h4 Ne4 10. Bf4 h6 11. Be5 f6 12. Bh2 Nd7 13.
c4 e6 14. cxd5 exd5 15. O-O f5 16. Rac1 Kh7 17. Bb1 Re8 18. h5 g5 19. dxc5 bxc5 20.
Nxe4 fxe4 21. Nd2 Qb6 22. f4 Ba6 23. Qg4 Bxf1 24. Rxf1 Qe6 25. Qe2 Rab8 26. b3 Nf6 27. fxg5 hxg5 28. Bxb8 Rxb8 29. Rc1 Qg4 30. Qf2 Qxh5 31.
Rxc5 Ng4 32. Qf5+ Kh8 33. Nf1 Rf8 34. Rc8 Rxc8 35. Qxc8+ Kh7 36. Qf5+ Kh8 37. Qxd5 Qh4 38. Qa8+ Kh7 39. Qxe4+ Kg8 40. Qe8+ Bf8 41. Qe6+ Kg7 42. Qd7+ Kg8 43. Qd5+ Kg7 44. Qb7+ Kg8 45. Qf3 Bc5 46. g3 Bxe3+ 47. Kg2 Qh5 48. Bf5 1-0

[Event "*** Qualifier 3: Titled Tuesday 3|2 Blitz"]
[Site "Chess.com"]
[Date "2017.04.18"]
[Round "1"]
[White "gmcorrales"]
[Black "chessking2151"]
[Result "1-0"]
[WhiteElo "2625"]
[BlackElo "2324"]
[TimeControl "180+2"]
[EndTime "13:09:16 PDT"]
[Termination "gmcorrales won by resignation"]

1. e4 e5 2. Nf3 Nc6 3. Bb5 f5 4. Nc3 fxe4 5. Nxe4 Nf6 6. Bxc6 dxc6 7. Qe2 Bf5 8. d3 Nxe4 9. dxe4 Bg4 10. h3 Bxf3 11. Qxf3 Qf6 12. Qxf6 gxf6 13. Ke2 O-O-O 14. Be3 h5 15. Rad1 Re8 16. g4 Bh6 17. Bxh6 Rxh6 18. Rhg1 hxg4 19. hxg4 Rg8 20. Kf3 Rh3+ 21. Kg2 Rh4 22.
f3 Rgh8 23. Rh1 Rxh1 24. Rxh1 Rxh1 25. Kxh1 Kd7 26. Kg2 Ke7 27. Kg3 Kf7 28. f4 exf4+ 29. Kxf4 Ke6 30. c4 c5 31. b3 c6 32. a4 b6 33. Kf3 Ke5 34. Ke3 a6 35. Kf3 b5 36.
Ke3 bxc4 37. bxc4 a5 38. Kf3 Kd4 39. Kf4 Kxc4 40. e5 fxe5+ 41. Ke4 Kb4 42. g5 c4 43. g6 c3 44. Kd3 e4+ 45. Kc2 e3 46. Kd3 e2 47. Kxe2 Kb3 48. g7 Kb2 49. g8=Q c2 50.
Qg7+ Kb1 51. Qg6 Kb2 52. Qf6+ Kb1 53. Qf5 Kb2 54. Qe5+ Kb1 55. Qe4 Kb2 56. Qd4+ Kb1 57. Qd3 Kb2 58. Qd4+ Kb1 59. Qb6+ Kc1 60. Qxa5 Kb2 61.
Qb4+ Ka2 62. Kd2 c5 63. Qc4+ 1-0

[Event "*** Qualifier 3: Titled Tuesday 3|2 Blitz"]
[Site "Chess.com"]
[Date "2017.04.18"]
[Round "1"]
[White "Grebeniuk-S"]
[Black "Jamaladam12200620"]
[Result "1-0"]
[WhiteElo "2403"]
[BlackElo "1970"]
[TimeControl "180+2"]
[EndTime "13:09:16 PDT"]
[Termination "Grebeniuk-S won by resignation"]

1. d4 Nf6 2. Nf3 g6 3. Bg5 Bg7 4. Nbd2 d5 5. e3 c6 6. c4 dxc4 7. Bxc4 b5 8. Bb3 Bb7 9. O-O Nbd7 10. a4 a6 11. Qe2 Qb6 12. Rfc1 O-O 13. a5 Qc7 14.
Bf4 Qd8 15. Ba2 Nd5 16. Bg3 Rc8 17. Ne4 N7f6 18. Nc5 Rc7 19. Bxc7 Qxc7 20. e4 Nf4 21. Qd2 Ng4 22. Nxb7 Ne6 23. h3 Nxd4 24. hxg4 Nxf3+ 25. gxf3 Qxb7 26. Rd1 c5 27. Bd5 Qc7 28. Rac1 e6 29. Ba2 c4 30. Qd6 Qxa5 31. Qa3 Qxa3 32. bxa3 Bb2 33.
Rb1 Bxa3 34. Kf1 Rc8 35. Ke2 b4 36. Rd2 a5 37. Rc2 c3 38. Bb3 Rd8 39. Rd1 Ra8 40.
Ba4 Rb8 41. Rb1 Kf8 42. f4 Ke7 43. g5 Kd6 44. Rxc3 bxc3 45. Rxb8 Kc5 46. Kd3 Bb4 47.
Rb5+ Kd6 48. Rb7 f5 49. gxf6 h5 50. f7 1-0

[Event "*** Qualifier 3: Titled Tuesday 3|2 Blitz"]
[Site "Chess.com"]
[Date "2017.04.18"]
[Round "1"]
[White "AllStarShark"]
[Black "JusticeBot"]
[Result "0-1"]
[WhiteElo "2263"]
[BlackElo "2554"]
[TimeControl "180+2"]
[EndTime "13:09:29 PDT"]
[Termination "JusticeBot won on time"]

1. d4 Nf6 2. Bg5 e6 3. e4 h6 4. Bxf6 Qxf6 5. c3 d6 6. Bd3 e5 7.
Ne2 Nc6 8. O-O g5 9. Nd2 Bg7 10. d5 Ne7 11. Bb5+ c6 12. dxc6 bxc6 13. Ba4 O-O 14. Ng3 Rd8 15. Qe2 Bd7 16. Rad1 Ng6 17.
Nh5 Qe6 18. Bb3 d5 19. exd5 cxd5 20. Ne4 Bc6 21. Neg3 Bf8 22. Rfe1 Bc5 23. Ne4 Be7 24. Qa6 Nf4 25. Nxf4 gxf4 26. Nd2 Kh8 27. Nf3 Rg8 28. Rxe5 Qg4 29. Ne1 Bd6 30. Qxc6 Bxe5 31. Qxd5 Rae8 32. h3 Qg5 33. Qxf7 Bb8 34. Qb7 Rg7 35. Qf3 Rge7 36.
Nc2 Qe5 37. Nd4 Qf6 38. Kh2 Bc7 39. Nb5 Bb6 0-1

[Event "*** Qualifier 3: Titled Tuesday 3|2 Blitz"]
[Site "Chess.com"]
[Date "2017.04.18"]
[Round "1"]
[White "Robin-Side"]
[Black "Alexander_Moskalenko"]
[Result "0-1"]
[WhiteElo "2339"]
[BlackElo "2656"]
[TimeControl "180+2"]
[EndTime "13:09:36 PDT"]
[Termination "Alexander_Moskalenko won by resignation"]

1. e4 c5 2. Nf3 d6 3. d4 cxd4 4. Nxd4 Nf6 5. Nc3 a6 6. Be2 g6 7. O-O Bg7 8. Bg5 O-O 9. Re1 b6 10. Bf1 Bb7 11. Nd5 Nbd7 12. c3 h6 13. Bxf6 Nxf6 14.
Nc2 Nd7 15. Kh1 e6 16. Nf4 Nf6 17. f3 Qc7 18. Nd3 Rfd8 19. Qe2 Nd7 20. Rad1 b5 21. Ne3 Rab8 22. a3 a5 23. h4 h5 24. Nf2 Ne5 25.
Nh3 Qe7 26. Qf2 Bf6 27. g3 b4 28. axb4 axb4 29. Bg2 bxc3 30. bxc3 Rbc8 31. Qb2 Ba6 32.
Qb6 Rc6 33. Qa5 Nd3 34. Rg1 Bxc3 35. Qa3 Bb4 36. Qb3 Rc3 37. Qb1 Qa7 38. Rxd3 Rxd3 39. Qxb4 Rxe3 40. Ra1 Qb7 41. Qd4 Rb3 42. Qf6 Rb1+ 43.
Rxb1 Qxb1+ 44. Kh2 Re8 45. Ng5 Qb7 46. Bh3 Qe7 47. Qa1 Bc8 48. g4 hxg4 49. fxg4 e5 50. Qc1 Bd7 51. h5 Rc8 52. Qg1 Qxg5 0-1

[Event "*** Qualifier 3: Titled Tuesday 3|2 Blitz"]
[Site "Chess.com"]
[Date "2017.04.18"]
[Round "1"]
[White "grzechu96"]
[Black "Fandorine"]
[Result "0-1"]
[WhiteElo "2379"]
[BlackElo "2682"]
[TimeControl "180+2"]
[EndTime "13:09:38 PDT"]
[Termination "Fandorine won by resignation"]

1. e4 c6 2. d4 d5 3. Nc3 dxe4 4.
Nxe4 Bf5 5. Ng3 Bg6 6. h4 h6 7. Nf3 Nd7 8. h5 Bh7 9. Bd3 Bxd3 10.
Qxd3 e6 11. Bd2 Ngf6 12. O-O-O Bd6 13. Ne4 Nxe4 14. Qxe4 Nf6 15. Qe2 Bc7 16. Kb1 Qd5 17. Be3 O-O-O 18. Nd2 Rhe8 19. g4 e5 20. dxe5 Qxe5 21.
Qf3 Qd5 22. Qh3 Kb8 23. Rhg1 Qe6 24. Qf3 Nd5 25. Bd4 f6 26. Nb3 b6 27. c4 Nf4 28.
c5 Ne2 29. Rgf1 Qe4+ 30. Qxe4 Rxe4 31. cxb6 axb6 32. Be3 Rxd1+ 33. Rxd1 Rxg4 34. Rd7 c5 35. a4 Kc8 36. Rf7 Nf4 37. a5 Nd5 38. a6 Rg1+ 39. Kc2 Nb4+ 40. Kc3 Nxa6 41. Kc4 Rg4+ 42. Kb5 Kb7 43. Bd2 Nb8 44. f4 Nc6 45. Be3 Na7+ 46.
Kc4 Kc6 47. Kd3 Rg3 48. Ke4 Nb5 49. Nd2 Nd6+ 0-1

[Event "*** Qualifier 3: Titled Tuesday 3|2 Blitz"]
[Site "Chess.com"]
[Date "2017.04.18"]
[Round "1"]
[White "CM_FM_IM_GM"]
[Black "popov_m"]
[Result "1/2-1/2"]
[WhiteElo "2005"]
[BlackElo "2406"]
[TimeControl "180+2"]
[EndTime "13:09:46 PDT"]
[Termination "Game drawn by repetition"]

1. d4 Nf6 2. c4 g6 3. Nf3 Bg7 4. g3 d6 5. Bg2 O-O 6. O-O c5 7.
d5 e6 8. Nc3 exd5 9. cxd5 Re8 10. Re1 Ne4 11. Nxe4 Rxe4 12. Qc2 Bf5 13. Nh4 Rxh4 14. e4 Rh5 15. exf5 Rxf5 16. Bf4 Na6 17. a3 Qf6 18. Rad1 Nc7 19. Qd3 b5 20. h4 c4 21. Qd2 a5 22. Qc2 Rxf4 23. gxf4 Qxf4 24. Re4 Qf5 25. Qe2 Be5 26. Rxe5 dxe5 27. d6 Rc8 28.
dxc7 Rxc7 29. Rd8+ Kg7 30. Rd5 c3 31. bxc3 Rxc3 32.
Qxe5+ Qxe5 33. Rxe5 Rxa3 34. Rxb5 Ra1+ 35. Kh2 a4 36.
Ra5 a3 37. Ra7 Kf6 38. Bd5 Ke5 39. Bxf7 Kf4 40. Bg8 h6 41. Bh7 g5 42. hxg5 hxg5 43.
Kg2 Ke5 44. Bd3 Kd4 45. Be2 Kc3 46. Rc7+ Kb2 47. Ra7 Rc1 48. Bf3 a2 49. Rb7+ Kc3 50. Rc7+ Kd2 51. Rd7+ Kc3 52. Rc7+ Kb2 53. Rb7+ Ka3 54.
Ra7+ Kb2 55. Rb7+ 1/2-1/2

[Event "*** Qualifier 3: Titled Tuesday 3|2 Blitz"]
[Site "Chess.com"]
[Date "2017.04.18"]
[Round "1"]
[White "GMMarcinDziuba"]
[Black "FelixBlohberger"]
[Result "1-0"]
[WhiteElo "2533"]
[BlackElo "2249"]
[TimeControl "180+2"]
[EndTime "13:09:47 PDT"]
[Termination "GMMarcinDziuba won by resignation"]

1. d4 Nf6 2. c4 e6 3. g3 Bb4+ 4.
Bd2 a5 5. Bg2 O-O 6. Nf3 b6 7.
Ne5 Ra7 8. O-O d6 9. Nd3 Bxd2 10. Qxd2 Bb7 11. Nc3 Bxg2 12. Kxg2 Nbd7 13. e4 e5 14. d5 Nh5 15. Qe2 g6 16. Rae1 Qg5 17. Kh1 Nc5 18. f4 exf4 19. Nxc5 bxc5 20. gxf4 Nxf4 21. Qd2 Nh3 22.
Qg2 Qxg2+ 23. Kxg2 Ng5 24. h4 Rb7 25. Re2 Nxe4 26.
Nxe4 Rb4 27. Rc1 Kg7 28. b3 a4 29. Nd2 axb3 30. axb3 Ra8 31. Rf1 Ra2 32. Rff2 Kh6 33.
Re7 f5 34. Rxc7 Rb8 35. Rd7 Ra6 36. Re2 Rf8 37. Ree7 Kh5 38. Kh3 h6 39. Re6 Ra2 40. Nf1 f4 41. Rdxd6 Rb2 42. Rxg6 Rxb3+ 43. Kg2 Kxh4 44.
Rxh6+ Kg5 45. Rdg6+ Kf5 46. Nh2 Rb2+ 47. Kh3 Ra8 48.
Ng4 Ra3+ 49. Kh4 Ke4 50. Re6+ Kd4 51. d6 Kxc4 52. d7 Ra8 53. Re8 Rbb8 54. Rhh8 Rxe8 55.
Rxe8 Rxe8 56. dxe8=Q 1-0

[Event "*** Qualifier 3: Titled Tuesday 3|2 Blitz"]
[Site "Chess.com"]
[Date "2017.04.18"]
[Round "1"]
[White "Quiet_Desperation"]
[Black "chessdude"]
[Result "1/2-1/2"]
[WhiteElo "2021"]
[BlackElo "2418"]
[TimeControl "180+2"]
[EndTime "13:09:47 PDT"]
[Termination "Game drawn by agreement"]

1. e4 c5 2. Nf3 d6 3. d4 cxd4 4.
Nxd4 Nf6 5. Nc3 a6 6. Be3 e5 7. Nb3 Be6 8. f3 h5 9. Qd2 Nbd7 10. O-O-O Rc8 11. Nd5 Bxd5 12. exd5 Nb6 13. Bxb6 Qxb6 14. c4 g6 15. Kb1 Bh6 16. Qa5 Qxa5 17. Nxa5 Rc7 18.
Bd3 O-O 19. Rhe1 h4 20. Re2 Nh5 21. Re4 Bf4 22. b4 f5 23. Re2 Bxh2 24. a4 Nf4 25. Red2 Rd8 26. Bf1 Bg3 27. Rc2 e4 28. c5 exf3 29.
gxf3 h3 30. Bc4 h2 31. c6 b6 32. Nb7 Rf8 33. Nxd6 Nh3 34. Nxf5 gxf5 35. d6+ Kg7 36. dxc7 Ng1 37. Rxh2 Bxh2 38. Rd7+ Kf6 39. Rd8 Bxc7 40. Rxf8+ Ke5 41. Bxa6 Nxf3 42. Rf7 Kd6 43. Rxf5 Nd4 44. Rf6+ Ke5 45. Rh6 Kd5 46. Bb7 Nf5 47. Rh5 Ke4 48. b5 Ne3 49. Rh7 Nd5 50. a5 bxa5 51. Bc8 Ke5 52.
Rh5+ Kd6 53. Bf5 Nc3+ 54. Kc2 Nxb5 55. Bd7 Na7 56. Rh6+ Kc5 57. Rh5+ Kb6 58. Kb3 1/2-1/2

[Event "*** Qualifier 3: Titled Tuesday 3|2 Blitz"]
[Site "Chess.com"]
[Date "2017.04.18"]
[Round "1"]
[White "Marcus_Harvey"]
[Black "cheese111"]
[Result "0-1"]
[WhiteElo "2507"]
[BlackElo "2250"]
[TimeControl "180+2"]
[EndTime "13:09:56 PDT"]
[Termination "cheese111 won by resignation"]

1. Nf3 Nf6 2. b3 g6 3. Bb2 Bg7 4. e3 O-O 5. Be2 d6 6. d4 e5 7. dxe5 Ng4 8. O-O Nc6 9. c4 Ngxe5 10. Nxe5 Nxe5 11. Nc3 Be6 12. f4 Nd7 13. Bf3 Rb8 14.
Qd2 Nc5 15. Rad1 a5 16. e4 Re8 17. Rfe1 Qh4 18. g3 Qh3 19. Nd5 Bxd5 20. cxd5 Qd7 21. e5 dxe5 22. fxe5 Qf5 23. Qe3 Bxe5 24. Bxe5 Nd7 25.
Qf4 Rxe5 26. d6 cxd6 27. Qxf5 gxf5 28. Kf2 Rxe1 29. Kxe1 Ne5 30. Kf2 Nxf3 31. Kxf3 Rc8 32. Rxd6 Rc2 33. Rd5 Rxa2 34. h4 Ra3 35. Kf4 Rxb3 36.
Rxa5 Kf8 37. h5 h6 38. Rxf5 b5 39. Rc5 b4 40. Rc6 Kg7 41. Rb6 Rb1 42. Kg4 b3 43.
Rb7 b2 44. Rb6 Kf8 45. Rb7 Ke8 46. Rb6 Ke7 47. Rb5 Ke6 48. Rb6+ Kd7 49. Rb5 f5+ 50. Kxf5 Rf1+ 51. Kg6 b1=Q+ 52. Rxb1 Rxb1 53. Kxh6 Rg1 54. Kg7 Ke7 55. h6 Rxg3+ 56. Kh8 Kf6 57. Kh7 Rh3 0-1

[Event "*** Qualifier 3: Titled Tuesday 3|2 Blitz"]
[Site "Chess.com"]
[Date "2017.04.18"]
[Round "1"]
[White "djogrodek1"]
[Black "XiaoKangZhong"]
[Result "1/2-1/2"]
[WhiteElo "2395"]
[BlackElo "1948"]
[TimeControl "180+2"]
[EndTime "13:10:03 PDT"]
[Termination "Game drawn by agreement"]

1. c4 Nf6 2. Nc3 d5 3. cxd5 Nxd5 4. g3 g6 5. Bg2 Nb6 6. Nf3 Bg7 7. O-O O-O 8. d3 Nc6 9. Be3 e5 10. Qd2 Be6 11.
Bh6 Qd7 12. Rfc1 Rad8 13. Bxg7 Kxg7 14. Ne4 Qe7 15. Nc5 Bc8 16. b4 Nd7 17. Qb2 Nxc5 18. Rxc5 f6 19. Rac1 Be6 20. b5 Nb8 21. Rxc7 Rd7 22.
R7c3 a6 23. a4 Rfd8 24. Nd2 axb5 25. axb5 Rd4 26. Rc7 R8d7 27. Rxd7 Rxd7 28. Qc3 Rd8 29. Qc7 Kf7 30. Qxb7 Qxb7 31. Bxb7 Nd7 32. Ne4 Ke7 33. Bc6 Nb6 34. Nc5 Bf7 35. Ra1 h5 36. Ra7+ Kf8 37.
Rb7 Nd5 38. Nd7+ Kg7 39. Nc5 Kf8 40. Kg2 g5 41. f3 Ne7 42. Kf2 Nxc6 43. bxc6 Rc8 44. c7 Ke7 45. Rb8 Rxc7 46. Ne4 Bg6 47. Ke3 Bxe4 48. Kxe4 Kf7 49. Kf5 Kg7 50. Rd8 Ra7 51. e3 Rb7 52. d4 exd4 53. exd4 Rb5+ 54. d5 Rb7 55. Ke6 Rb3 56. d6 Rxf3 57. d7 Re3+ 58.
Kd6 Rd3+ 59. Kc6 Rc3+ 60. Kd5 Rd3+ 61. Ke4 Rd1 62. Kf3 Kf7 63. Ke4 Kg7 64. Kf5 Rf1+ 65. Ke6 Re1+ 66. Kd5 Rd1+ 67. Ke4 Kh7 68. Rf8 Rxd7 69.
Rxf6 Rd2 70. h4 gxh4 71. gxh4 Rh2 72. Kf5 Rxh4 73. Kg5 Rg4+ 74. Kxh5 Rg7 75. Rh6+ 1/2-1/2

[Event "*** Qualifier 3: Titled Tuesday 3|2 Blitz"]
[Site "Chess.com"]
[Date "2017.04.18"]
[Round "1"]
[White "agapov771"]
[Black "Roachelley"]
[Result "0-1"]
[WhiteElo "2449"]
[BlackElo "2142"]
[TimeControl "180+2"]
[EndTime "13:10:16 PDT"]
[Termination "Roachelley won by resignation"]

1. d4 Nf6 2. c4 g6 3. Nc3 d5 4. cxd5 Nxd5 5. e4 Nxc3 6. bxc3 Bg7 7. Nf3 c5 8. Be2 Nc6 9. Be3 O-O 10. O-O Qc7 11.
Rc1 Rd8 12. d5 Na5 13. c4 a6 14. Qd2 Rb8 15. h3 b6 16. Rfd1 Nb7 17. Bf4 e5 18. Bg5 f6 19. Be3 Nd6 20. Qc2 Qe7 21. Nd2 Bd7 22. f3 f5 23. Nb3 f4 24. Bf2 g5 25.
Qd2 h5 26. Qd3 Bf6 27. Rb1 Qg7 28. Nd2 Rdc8 29. Rb2 b5 30. cxb5 axb5 31. Rc1 c4 32. Qc3 g4 33. fxg4 hxg4 34. hxg4 Bxg4 35. Bxg4 Qxg4 36.
Qf3 Qxf3 37. Nxf3 b4 38. Re2 c3 39. Rb1 Rc4 40. Rbe1 Rbc8 41. Bh4 Bxh4 42. Nxh4 Rxe4 43. Rxe4 Nxe4 44. Nf3 Ng3 45. Kf2 c2 46. Rc1 Ne4+ 47.
Ke1 Rc5 48. Nxe5 Rxd5 49. Nf3 Rc5 50. Nd4 Rc4 51. Ne6 Kf7 52. Nxf4 Nc5 53. g3 Kf6 54. Kd2 b3 55. Nd5+ Ke5 56. Ne3 Rd4+ 57. Kc3 Rd3+ 58.
Kb2 Na4+ 59. Ka3 b2+ 60. Kxa4 bxc1=Q 61. Nc4+ Kd5 62. Nb6+ Kc6 63. Nc4 Rd4 64. Kb4 Qb1+ 65. Kc3 Rxc4+ 66. Kxc4 c1=Q+ 0-1